 Dungeon Crawl Stone Soup version 0.29-a0-275-g389c0b56f3 (console) character file.

Game seed: 18009448551427034485

111467 lumie the Severer (level 15, -9/134 HPs)
             Began as a Demigod Wanderer on Mar 11, 2022.
             Mangled by a fire giant
             ... wielding the +8 Wrath of Trog {antimagic, *Rage Rampage}
              (41 damage)
             ... on level 15 of the Dungeon.
             The game lasted 01:00:36 (31918 turns).

lumie the Severer (Demigod Wanderer)               Turns: 31918, Time: 01:00:36

Health: -9/134     AC: 26    Str: 26    XL:     15   Next: 61%
Magic:  0/27       EV:  6    Int: 16    God:
Gold:   1319       SH: 11    Dex: 21    Spells: 14/14 levels left

rFire   + . .      SeeInvis .   s - +2 broad axe (spect)
rCold   x . .      Faith    .   Y - +0 kite shield
rNeg    . . .      Spirit   .   E - +3 plate armour
rPois   .          Reflect  .   Q - +0 helmet
rElec   .          Harm     .   x - +0 cloak "Gegu" {+Blink MP+9 Dex+3 Slay+3}
rCorr   .          Rampage  .   V - +0 pair of gloves "Tora" {-Cast +Inv Slay+3}
Will    +....      NoCast   +   G - +2 pair of boots {Fly}
Stlth   ..........              q - amulet of the acrobat
HPRegen 0.32/turn               y - ring of fire
MPRegen 0.20/turn               K - +4 ring of slaying

@: flying
A: high MP 1, forlorn, divine attributes
a: Evoke Blink, Evoke Invisibility


You were on level 15 of the Dungeon.
You visited 3 branches of the dungeon, and saw 23 of its levels.
You also visited: Gauntlet and Ice Cave.

You collected 2739 gold pieces.
You spent 1420 gold pieces at shops.

Inventory:

Hand Weapons
 s - a +2 spectral broad axe (weapon)
 O - a +3 scimitar of flaming
Missiles
 o - 4 throwing nets (quivered)
 U - 3 curare-tipped darts
Armour
 x - the +0 cloak "Gegu" (worn) {+Blink MP+9 Dex+3 Slay+3}
   (You acquired it on level 10 of the Dungeon)

   Dex:       It affects your dexterity (+3).
   Slay:      It affects your accuracy & damage with ranged weapons and melee
   (+3).
   MP:        It affects your magic capacity (+9).
   +Blink:    It lets you blink.
 E - a +3 plate armour (worn)
 G - a +2 pair of boots of flying (worn)
 Q - a +0 helmet (worn)
 V - the +0 pair of gloves "Tora" (worn) {-Cast +Inv Slay+3}
   (You found it in a Gauntlet)

   Slay:      It affects your accuracy & damage with ranged weapons and melee
   (+3).
   +Inv:      It lets you turn invisible.
   -Cast:     It prevents spellcasting.
 Y - a +0 kite shield (worn)
Jewellery
 g - a +6 ring of strength
 q - an amulet of the acrobat (around neck)
 u - a ring of ice
 y - a ring of fire (left hand)
 A - a ring of flight
 D - the ring of the Komodo Dragon {Will+ Stlth+}
   (You found it on level 8 of the Dungeon)

   [ring of willpower]

   Will:      It increases your willpower.
   Stlth:     It makes you more stealthy.
 F - a ring of poison resistance
 K - a +4 ring of slaying (right hand)
 T - a ring of positive energy
Wands
 b - a wand of digging (15)
 v - a wand of flame (43)
 w - a wand of charming (9)
 M - a wand of paralysis (4)
 W - a wand of polymorph (5)
Scrolls
 a - a scroll of holy word
 d - 4 scrolls of enchant armour
 f - 5 scrolls of immolation
 i - 10 scrolls of teleportation
 m - 2 scrolls of fog
 n - 2 scrolls of vulnerability
 p - 4 scrolls of amnesia
 B - 2 scrolls of magic mapping
 I - 8 scrolls of fear
 L - 2 scrolls of silence
 P - 7 scrolls of identify
 R - a scroll of blinking
Potions
 c - 5 potions of lignification
 e - 4 potions of berserk rage
 h - 6 potions of haste
 j - 5 potions of curing
 k - 5 potions of mutation
 l - 8 potions of might
 r - a potion of ambrosia {unknown}
 t - 4 potions of cancellation
 z - 6 potions of heal wounds
 C - 4 potions of magic
 H - 8 potions of attraction
 J - 3 potions of resistance
 N - 2 potions of brilliance
 X - a potion of invisibility
Miscellaneous
 S - a box of beasts


   Skills:
 + Level 12.5 Fighting
 - Level 17.8(18.0) Axes
 - Level 3.6(12.2) Maces & Flails
 + Level 12.5 Armour
 + Level 5.6 Shields
 + Level 9.6 Evocations


You had 14 spell levels left.
You didn't know any spells.
Your spell library contained the following spells:

 Spells                   Type           Power      Damage    Failure   Level
 Magic Dart               Conj           0%         1d3       99%         1
 Searing Ray              Conj           0%         2d4       100%        2
 Static Discharge         Conj/Air       0%         N/A       100%        2
 Frozen Ramparts          Ice            0%         1d2       100%        3
 Gell's Gravitas          Tloc           0%         N/A       100%        3
 Ozocubu's Armour         Ice            0%         N/A       100%        3
 Portal Projectile        Hex/Tloc       0%         N/A       100%        3
 Teleport Other           Tloc           0%         N/A       100%        3
 Cause Fear               Hex            0%         N/A       100%        4
 Dispel Undead            Necr           0%         3d6       100%        4
 Fulminant Prism          Conj/Hex       0%         3d6       100%        4
 Hailstorm                Conj/Ice       0%         3d3       100%        4
 Ice Form                 Ice/Tmut       0%         N/A       100%        4
 Sticky Flame             Conj/Fire      0%         2d3       100%        4
 Summon Ice Beast         Ice/Summ       0%         N/A       100%        4
 Blade Hands              Tmut           0%         N/A       100%        5
 Excruciating Wounds      Necr           0%         N/A       100%        5
 Freezing Cloud           Conj/Ice/Air   0%         6-21      100%        5
 Lightning Bolt           Conj/Air       0%         1d11      100%        5
 Metabolic Englaciation   Hex/Ice        0%         N/A       100%        5
 Summon Mana Viper        Hex/Summ       0%         N/A       100%        5
 Dispersal                Tloc           0%         N/A       100%        6
 Simulacrum               Ice/Necr       0%         N/A       100%        6
 Ozocubu's Refrigeration  Ice            0%         4d5       100%        7
 Maxwell's Capacitive Co  Air            0%         ∞         100%        8
 Polar Vortex             Ice            0%         N/A       100%        9


Dungeon Overview and Level Annotations

Branches:
Dungeon (15/15)            Temple (0/1) D:4            Lair (6/6) D:11
 Shoals (0/4) Lair:4       Spider (0/4) Lair:2        Slime (0/5) Lair:6
    Orc (2/2) D:11            Elf (0/3) Orc:2        Vaults (0/5) D:14
 Depths (0/4) D:15          IceCv (visited)         Gauntlet (visited)

Shops:
D:10 (   D:12 :*[(   D:14 !   Orc:2 *(!?


Innate Abilities, Weirdness & Mutations

You have an increased reservoir of magic. (+10% MP)
You shall have no god before yourself.
Your divine heritage dramatically boosts your attributes as you level up.


Message History

< or
D - the ring of the Komodo Dragon {Will+ Stlth+} > or
K - a +4 ring of slaying You remove the ring of the Komodo Dragon {Will+ Stlth+}.
You feel more attuned to fire.
y - a ring of fire (left hand)
You start waiting.
A fire giant is nearby!
The fire giant goes berserk!
The fire giant hits you with the +8 Wrath of Trog {antimagic, *Rage Rampage}!
You feel your power leaking away.
You hit the fire giant.
The fire giant is lightly wounded.
Your +2 spectral broad axe hits the fire giant!
The fire giant hits your +2 spectral broad axe with the +8 Wrath of Trog {antimagic, *Rage Rampage}!!!
Your spectral weapon shares its damage with you!
Your +2 spectral broad axe fades away.
The fire giant hits you but does no damage.
The fire giant shouts!
You slice the fire giant!!
The fire giant is moderately wounded.
Your +2 spectral broad axe hits the fire giant!
You block the fire giant's attack.
The fire giant misses your +2 spectral broad axe.
You slice the fire giant!!
The fire giant is heavily wounded.
Your +2 spectral broad axe hits the fire giant!
The fire giant hits you with the +8 Wrath of Trog {antimagic, *Rage Rampage}!!!
You feel your power leaking away.
The fire giant barely misses your +2 spectral broad axe.
The fire giant hits you with the +8 Wrath of Trog {antimagic, *Rage Rampage}!!
You feel your power leaking away.
The fire giant hits your +2 spectral broad axe with the +8 Wrath of Trog {antimagic, *Rage Rampage}!!
Your spectral weapon shares its damage with you!
Your +2 spectral broad axe fades away.
* * * LOW HITPOINT WARNING * * *
You slash the fire giant!
The fire giant is severely wounded.
Your +2 spectral broad axe hits the fire giant!
The fire giant hits you with the +8 Wrath of Trog {antimagic, *Rage Rampage}!!!
You die...

#...#...#.#.# #.# #
#...#####.#.# #.# #
#.........#.# #.# #
#...#####.#.# #.# #
#...#...#.#.# #.# #
#...#.#.#.#.# #.####
#...#.#.#.#.# #.....
#...#.#...#.# ###.....
#...#@#####.# #.......
#...#(C.....# #.#####.
#...#.#####.###.#.....
#...#.#...#..<..######
#...#.#.#.#...C)#.....
#...#.#.#.#.###)#.###.
#...#...#.#.# #÷......
#...#####.#.# #.#.#.##
#.........#.# #.#.#...


You could see a fire giant (berserk) and a friendly +2 spectral broad axe
(summoned).

Vanquished Creatures
  Rupert (D:13)
  A sphinx (D:15)
  An orc warlord (Orc:1)
  2 very ugly things (IceCv)
  A stone giant (D:15)
  A minotaur (Gauntlet)
  Snorg (D:11)
  Josephine (D:10)
  3 hydras
  4 boulder beetles
  An ogre mage (D:14)
  5 vault guards (D:14)
  5 centaur warriors
  A catoblepas (Lair:2)
  A merfolk avatar (Lair:6)
  10 two-headed ogres
  2 tengu warriors (D:14)
  14 death yaks
  Urug (Lair:5)
  4 orc high priests (Orc:2)
  Amaemon (Lair:3)
  Sonja (D:13)
  A sea snake (shapeshifter) (D:15)
  Lodul (D:13)
  A sea snake (Lair:6)
  3 lindwurms
  A necromancer (Lair:4)
  A wizard (D:14)
  2 orange crystal statues (IceCv)
  20 ugly things
  2 orc knights
  3 oklob plants (Lair:3)
  4 orc sorcerers
  4 cyclopes
  5 manticores
  22 elephants
  A merfolk siren (Lair:4)
  3 black mambas
  8 cane toads
  7 rime drakes
  An eye of devastation (Gauntlet)
  An unseen horror (D:12)
  An orange demon (Lair:3)
  4 freezing wraiths
  2 yaktaurs (D:14)
  A tengu conjurer (D:15)
  12 komodo dragons
  An efreet (D:15)
  4 trolls
  2 golden dragon simulacra (IceCv)
  2 polar bears
  Grinder (D:5)
  15 slime creatures
  3 hornets
  A raiju (Gauntlet)
  2 wind drakes (Lair:6)
  25 blink frogs
  3 vampires
  A dire elephant simulacrum (IceCv)
  5 shadows
  37 yaks
  8 wraiths
  Eustachio (D:5)
  4 basilisks
  9 wyverns
  7 vampire mosquitoes
  Menkaure (D:7)
  3 steam dragons
  3 wargs
  A hydra simulacrum (IceCv)
  2 harpy simulacra (IceCv)
  11 water moccasins
  2 floating eyes (Gauntlet)
  3 acid dragons
  2 black bears
  2 sky beasts
  19 orc warriors
  4 ettin simulacra (IceCv)
  A tengu (Orc:1)
  The ghost of siradein the Bolt Thrower, an amateur MiHu of Trog (D:4)
  4 alligator simulacra (IceCv)
  5 centaurs (D:14)
  7 ogres
  15 wolves
  3 phantoms (D:5)
  A kobold brigand (D:9)
  12 bullfrogs
  4 gnoll sergeants
  A necrophage (D:8)
  5 scorpions (Lair:2)
  A water moccasin zombie (D:4)
  3 wights (D:9)
  15 killer bees
  3 lindwurm simulacra (IceCv)
  3 electric eels
  4 howler monkeys
  A centaur zombie (D:4)
  2 gnoll shamans
  3 hounds
  21 orc priests
  Crazy Yiuf (D:6)
  A jelly (D:7)
  30 orc wizards
  4 iguanas
  4 hell rats (Lair:4)
  5 polar bear simulacra (Lair:4)
  A yak simulacrum (Lair:4)
  A lightning spire (Gauntlet)
  3 wolf simulacra (Lair:4)
  28 gnolls
  8 adders
  2 river rats (D:3)
  A shadow imp (D:6)
  2 white imps
  An ufetubus (D:3)
  4 worms
  2 dart slugs
  73 orcs
  5 ball pythons
  9 bats
  8 endoplasms
  8 giant cockroaches
  7 goblins
  6 hobgoblins
  9 jackals
  16 kobolds
  3 quokkas
  A frilled lizard (D:1)
  9 rats
  2 river rat simulacra (Lair:4)
726 creatures vanquished.

Vanquished Creatures (others)
  An orc (Orc:1)
  66 fungi
  104 plants
171 creatures vanquished.

Grand Total: 897 creatures vanquished

Notes
Turn   | Place    | Note
-------+----------+-------------------------------------------
     0 | D:1      | lumie the Demigod Wanderer began the quest for the Orb.
     0 | D:1      | lumie set off with the following items: a +0 mace, a +0
                  | chain mail, 2 potions of lignification
     0 | D:1      | Reached XP level 1. HP: 17/17 MP: 3/3
   253 | D:1      | Reached XP level 2. HP: 25/25 MP: 4/4
   876 | D:1      | Reached XP level 3. HP: 30/31 MP: 5/5
  1978 | D:2      | Reached XP level 4. HP: 40/40 MP: 6/6
  2853 | D:3      | Reached XP level 5. HP: 10/47 MP: 7/7
  3762 | D:4      | Reached skill level 1 in Axes
  4089 | D:4      | Found a staircase to the Ecumenical Temple.
  4214 | D:4      | Found a runed translucent gate.
  4214 | D:4      | Found a runed translucent gate.
  4235 | D:4      | Found a runed translucent gate.
  4237 | D:4      | Noticed siradein's ghost (amateur MiHu)
  4575 | D:4      | Reached skill level 2 in Axes
  4575 | D:4      | Reached XP level 6. HP: 52/55 MP: 8/8
  4585 | D:4      | Killed siradein's ghost
  4586 | D:4      | Reached skill level 5 in Fighting
  4589 | D:4      | Reached skill level 3 in Axes
  4909 | D:5      | Entered Level 5 of the Dungeon
  5033 | D:5      | Noticed Eustachio
  5044 | D:5      | Killed Eustachio
  5045 | D:5      | Reached skill level 4 in Axes
  5045 | D:5      | Reached skill level 5 in Armour
  5045 | D:5      | Reached XP level 7. HP: 56/61 MP: 9/9
  5190 | D:5      | Reached skill level 5 in Axes
  5335 | D:5      | Reached skill level 6 in Axes
  5373 | D:5      | Noticed Grinder
  5389 | D:5      | Paralysed by Grinder for 4 turns
  5398 | D:5      | Killed Grinder
  5399 | D:5      | Reached skill level 7 in Axes
  5399 | D:5      | Reached XP level 8. HP: 55/68 MP: 10/10
  5961 | D:6      | Reached skill level 8 in Axes
  6555 | D:6      | Found a runed translucent door.
  6556 | D:6      | Noticed Crazy Yiuf
  6731 | D:6      | Killed Crazy Yiuf
  6800 | D:7      | Noticed a hornet
  6801 | D:7      | Reached skill level 1 in Evocations
  7011 | D:6      | Paralysed by a hornet for 2 turns
  7015 | D:6      | Paralysed by a hornet for 1 turns
  7016 | D:6      | Killed a hornet
  7017 | D:6      | Reached skill level 9 in Axes
  7420 | D:7      | Noticed a two-headed ogre
  7432 | D:7      | Reached XP level 9. HP: 64/74 MP: 11/11
  7575 | D:7      | Noticed Menkaure
  7582 | D:7      | Killed Menkaure
  7753 | D:7      | Found a transporter.
  7828 | D:7      | Found a transporter.
  8015 | D:8      | Reached skill level 10 in Axes
  8350 | D:8      | Identified the ring of the Komodo Dragon {Will+ Stlth+}
  8456 | D:8      | Reached skill level 11 in Axes
  9567 | D:9      | Reached XP level 10. HP: 59/80 MP: 13/13
 10147 | D:9      | Noticed a two-headed ogre
 10163 | D:9      | Killed a two-headed ogre
 10407 | D:10     | Entered Level 10 of the Dungeon
 10438 | D:10     | Reached skill level 12 in Axes
 10635 | D:10     | Reached skill level 1 in Shields
 10862 | D:10     | Found Ifuo's Antique Weapon Boutique.
 10956 | D:11     | Noticed a cyclops
 10961 | D:11     | Killed a cyclops
 10974 | D:11     | Noticed Snorg
 11007 | D:11     | Noticed Josephine
 11007 | D:11     | Found a staircase to the Lair.
 11017 | D:10     | Killed Josephine
 11292 | D:10     | Identified a scroll of acquirement
 11292 | D:10     | Acquired the +0 cloak "Gegu" {+Blink MP+9 Dex+3 Slay+3}
 11491 | D:11     | Found a staircase to the Orcish Mines.
 11944 | D:11     | Reached XP level 11. HP: 65/91 MP: 14/14
 12911 | D:11     | Killed Snorg
 12912 | D:11     | Reached skill level 13 in Axes
 13031 | Lair:1   | Entered Level 1 of the Lair of Beasts
 14052 | Lair:2   | Noticed a catoblepas
 14066 | Lair:2   | Killed a catoblepas
 14360 | Lair:2   | Reached skill level 14 in Axes
 14783 | Lair:2   | Reached XP level 12. HP: 101/101 MP: 15/15
 14798 | Lair:2   | Noticed a boulder beetle
 14809 | Lair:2   | Killed a boulder beetle
 15095 | Lair:2   | Found a hole to the Spider Nest.
 15416 | Lair:3   | Noticed a seven-headed hydra
 16915 | Lair:3   | Noticed Amaemon
 16934 | Lair:3   | Killed Amaemon
 16935 | Lair:3   | Reached skill level 15 in Axes
 18222 | Lair:4   | Identified the +0 robe of the Cockatrice {Regen+ Dex+4
                  | Archmagi}
 18268 | Lair:4   | Found a staircase to the Shoals.
 19004 | Lair:5   | Reached XP level 13. HP: 57/111 MP: 16/16
 19576 | Lair:5   | Reached skill level 16 in Axes
 19576 | Lair:5   | Reached skill level 10 in Armour
 19580 | Lair:5   | Reached skill level 10 in Fighting
 19826 | Lair:5   | Identified the +0 scale mail of the Poles {Dex+6}
 19826 | Lair:5   | Noticed Urug
 19839 | Lair:5   | Killed Urug
 20101 | Lair:6   | Entered Level 6 of the Lair of Beasts
 21313 | Lair:6   | Reached skill level 17 in Axes
 21587 | Lair:6   | Reached XP level 14. HP: 103/122 MP: 17/17
 21740 | Lair:6   | Identified the +4 plate armour of Integrity {rElec rPois
                  | rC- rCorr}
 22086 | Lair:6   | Found a staircase to the Slime Pits.
 22652 | Orc:1    | Entered Level 1 of the Orcish Mines
 22739 | Orc:2    | Entered Level 2 of the Orcish Mines
 23195 | Orc:1    | Reached skill level 5 in Evocations
 23206 | Orc:1    | Paralysed by an orc sorcerer for 4 turns
 23642 | Orc:1    | Noticed an orc warlord
 23653 | Orc:1    | Killed an orc warlord
 23891 | Orc:2    | Found a staircase to the Elven Halls.
 23914 | Orc:2    | Found Bavih's Distillery.
 23914 | Orc:2    | Found Soesue's Magic Scroll Emporium.
 23915 | Orc:2    | Found Belaumos's Weapon Shoppe.
 23919 | Orc:2    | Found Qydauhar's General Store.
 23939 | Orc:2    | Bought a scroll of vulnerability for 112 gold pieces
 23939 | Orc:2    | Bought a scroll of blinking for 112 gold pieces
 23940 | Orc:2    | Bought a potion of attraction for 48 gold pieces
 24154 | Orc:2    | Bought a scroll of identify for 30 gold pieces
 24157 | Orc:2    | Bought a scroll of fear for 52 gold pieces
 24158 | Orc:2    | Bought a potion of haste for 160 gold pieces
 24158 | Orc:2    | Bought a potion of resistance for 160 gold pieces
 24158 | Orc:2    | Bought a potion of curing for 48 gold pieces
 24158 | Orc:2    | Bought a potion of curing for 48 gold pieces
 24158 | Orc:2    | Bought a potion of might for 64 gold pieces
 24376 | D:12     | Found Wepsaut's Self-Improvement Boutique.
 24669 | D:12     | Identified the +1 chain mail of the Bulwark {Will+}
 24689 | D:12     | Found Caikhluw's Weapon Emporium.
 24891 | D:12     | Found Jadyhol's Armour Boutique.
 25047 | D:12     | Found Gyuqyv's General Store.
 25050 | D:12     | Bought a scroll of teleportation for 54 gold pieces
 25050 | D:12     | Bought a potion of berserk rage for 90 gold pieces
 25347 | D:13     | Noticed Rupert
 25363 | D:13     | Killed Rupert
 25853 | D:13     | Noticed Sonja
 25872 | D:13     | Killed Sonja
 26376 | D:13     | Noticed Lodul
 26594 | D:13     | Killed Lodul
 27415 | D:14     | Found a gate leading to a gauntlet.
 27426 | Gauntlet | Entered a Gauntlet
 27426 | Gauntlet | Found a large runed translucent door.
 27426 | Gauntlet | Found a large runed translucent door.
 27426 | Gauntlet | Found a large runed translucent door.
 27426 | Gauntlet | Found a large runed translucent door.
 27426 | Gauntlet | Found a transporter.
 27426 | Gauntlet | Found a runed translucent door.
 27426 | Gauntlet | Found a large runed translucent door.
 27426 | Gauntlet | Found a large runed translucent door.
 27426 | Gauntlet | Found a large runed translucent door.
 27426 | Gauntlet | Found a large runed translucent door.
 27426 | Gauntlet | Found a runed translucent gate.
 27426 | Gauntlet | Found a runed translucent gate.
 27426 | Gauntlet | Found a transporter.
 27426 | Gauntlet | Found a transporter.
 27427 | Gauntlet | Found a transporter.
 27431 | Gauntlet | Found a transporter.
 27431 | Gauntlet | Found a transporter.
 27440 | Gauntlet | Found a transporter.
 27440 | Gauntlet | Found a transporter.
 27442 | Gauntlet | Found a transporter.
 27442 | Gauntlet | Found a transporter.
 27451 | Gauntlet | Found a transporter.
 27451 | Gauntlet | Found a transporter.
 27494 | Gauntlet | Found a runed translucent gate.
 27495 | Gauntlet | Found a large runed translucent door.
 27495 | Gauntlet | Found a large runed translucent door.
 27496 | Gauntlet | Found a large runed translucent door.
 27497 | Gauntlet | Found a large runed translucent door.
 27498 | Gauntlet | Found a large runed translucent door.
 27498 | Gauntlet | Found a large runed translucent door.
 27498 | Gauntlet | Found a runed translucent door.
 27499 | Gauntlet | Found a large runed translucent door.
 27500 | Gauntlet | Found a large runed translucent door.
 27789 | Gauntlet | Identified the +0 pair of gloves "Tora" {-Cast +Inv Slay+3}
 28749 | D:14     | Found Uchur's Distillery.
 28754 | D:14     | Bought a potion of invisibility for 104 gold pieces
 28754 | D:14     | Bought a potion of haste for 130 gold pieces
 28754 | D:14     | Bought 2 potions of mutation for 208 gold pieces
 28802 | D:14     | Reached XP level 15. HP: 131/132 MP: 18/18
 29199 | D:14     | Found a gate to the Vaults.
 29489 | D:15     | Entered Level 15 of the Dungeon
 29554 | D:15     | Found a frozen archway.
 29569 | IceCv    | Entered an ice cave
 30261 | D:15     | Found a staircase to the Depths.
 30703 | D:15     | Reached skill level 5 in Shields
 31154 | D:15     | Noticed a fire giant
 31181 | D:15     | Noticed a sphinx
 31635 | D:15     | Found the +0 staff of Battle
 31640 | D:15     | Identified the +2 great sword of Painful Death {freeze,
                  | Str+4}
 31645 | D:15     | Killed a sphinx
 31653 | D:15     | Got the Papyrus of the Oath
 31654 | D:15     | Identified the +0 leather armour of Valiance {Fly Str+2}
 31918 | D:15     | Mangled by a fire giant

Illustrated notes

Levels and vault maps discovered:
D:1:      dpeg_arrival_connections, layout_basic, minmay_vboxes
D:2:      layout_loops_corners, hangedman_abyss_or_decor_lesser_grid
D:3:      minmay_angry_zag, layout_basic, mainiacjoe_overflow_chevrons,
          portal_sewer_entry_e
D:4:      layout_cave_pods, minmay_temple_entry_glassed_door,
          gammafunk_ghost_necromancy
D:5:      layout_cave_pods, mainiacjoe_overflow_swirl, uniq_eustachio,
          uniq_grinder
D:6:      layout_cave_pools, uniq_crazy_yiuf_cottage
D:7:      gammafunk_beogh_shrine, layout_rooms, moated_statue, uniq_menkaure
D:8:      layout_cave_pods
D:9:      layout_loops_ring
D:10:     layout_basic, grunt_temple_overflow_open, serial_shops,
          nicolae_shop_behind_doors
D:11:     layout_loops_ring, lair_entry_dummy, orc_0_dummy, serial_aquarium,
          aquarium_bridge_long_separate [aquarium_subvault_bridge,
          aquarium_subvault_wall, aquarium_subvault_bridge,
          aquarium_subvault_window, aquarium_subvault_window,
          aquarium_subvault_bridge], aquarium_window_fake, aquarium_window_fake,
          aquarium_view_2a, aquarium_view_2d, aquarium_balcony_double_2,
          aquarium_pool_S, grunt_ministairs_9, uniq_josephine, uniq_snorg
D:12:     layout_cave_pods, serial_shops, kennysheep_little_box,
          nicolae_shop_advertising_works [nicolae_subvault_shop_adworks],
          kennysheep_mini_moat, nicolae_shop_self_help
D:13:     layout_stronghold, uniq_lodul, uniq_sonja, uniq_rupert
D:14:     layout_loops_ring, grunt_vaults_entry_fortified, minmay_misc_feat_chi,
          gauntlet_entry_generic, serial_shops, nicolae_shop_window_shopping,
          minmay_misc_feat_more_columns, serial_bayou_pond_e
D:15:     grunt_enter_depths_giant_problem, layout_long_grid, roderic_lattice_a,
          portal_ice_cave_entry_pillars_1, minmay_the_grid_2x2
          [minmay_the_grid_holed_spiral, minmay_the_grid_outer_diamond,
          minmay_the_grid_box_x, minmay_the_grid_prize_diamond_cup]
Lair:1:   layout_concentric_octagons, grunt_megastairs_1
Lair:2:   layout_roguey, nicolae_spider_entry_non_spiders,
          nicolae_lair_lindhole, serial_bayou_shore_a, lemuel_fruit_fields,
          infiniplex_staircase_pool_2
Lair:3:   dpeg_oklob_gauntlet, layout_long_grid, grunt_megastairs_2,
          uniq_amaemon
Lair:4:   layout_roguey, minmay_shoals_entry_lonely_mermaid,
          eino_house_with_fridge, grunt_megastairs_4
Lair:5:   layout_gridlike, uniq_urug
Lair:6:   gammafunk_lair_ancient_temple, layout_regular_city,
          dpeg_slime_entry_enclosed_altar, basic_altar
Orc:1:    layout_caves, minmay_orc_barracks
Orc:2:    st_orc_mages, layout_caves, basic_altar

Skill      XL: |  1  2  3  4  5  6  7  8  9 10 11 12 13 14 15 |
---------------+----------------------------------------------+-----
Fighting       | 2 3 4 5 6 8 9 10 11 12 | 12.5
Armour         | 4 5 6 8 9 10 11 12 | 12.5
Axes           | 2 4 7 9 11 12 14 15 17 | 17.8
Evocations     | 2 4 8 9 |  9.6
Shields        | 2 4 5 |  5.6
Maces & Flails | |  3.6

Action                   |  1- 3 |  4- 6 |  7- 9 | 10-12 | 13-15 || total
-------------------------+-------+-------+-------+-------+-------++-------
Melee: Mace              |   152 |    84 |       |       |       ||   236
       Punch             |     2 |     2 |       |       |       ||     4
       Broad axe         |       |    63 |   159 |   401 |   803 ||  1426
       Scimitar          |       |       |       |       |    19 ||    19
Throw: Throwing net      |       |       |       |     1 |     5 ||     6
Evoke: Wand              |       |       |       |    10 |     5 ||    15
       Box of beasts     |       |       |       |       |     3 ||     3
  Use: Scroll            |     1 |     7 |     5 |    11 |     8 ||    32
       Potion            |       |       |     1 |     2 |     7 ||    10
 Stab: Distracted        |       |       |       |    10 |    23 ||    33
       Held in net/web   |       |       |       |     1 |       ||     1
       Paralysed         |       |       |       |       |     2 ||     2
Armor: Chain mail        |   131 |    69 |       |       |       ||   200
       Plate armour      |       |     4 |    80 |   147 |   299 ||   530
Dodge: Dodged            |    82 |    61 |    88 |   145 |   224 ||   600
Block: Buckler           |       |       |       |    60 |   109 ||   169
       Kite shield       |       |       |       |       |    68 ||    68

Table legend: (Time is in decaauts)
 A = Elapsed time spent in this place.
 B = Non-inter-level travel time spent in this place.
 C = Inter-level travel time spent in this place.
 D = Time resting spent in this place.
 E = Time spent auto-exploring this place.
 F = Levels seen in this place.
 G = Mean time per level.
                   A        B        C        D        E       F      G
               +--------+--------+--------+--------+--------+-----+--------+
         Total |  31968 |  30217 |   1751 |  11500 |  13093 |  25 | 1278.7 |
       Dungeon |  19794 |  18731 |   1063 |   7056 |   8612 |  15 | 1319.6 |
          Lair |   9411 |   8867 |    544 |   3489 |   3602 |   6 | 1568.5 |
  Orcish Mines |   1658 |   1514 |    144 |    415 |    689 |   2 |  829.0 |
      Ice Cave |    678 |    678 |      0 |    437 |     36 |   1 |  678.0 |
      Gauntlet |    425 |    425 |      0 |    102 |    154 |   1 |  425.0 |
               +--------+--------+--------+--------+--------+-----+--------+

Top non-repeatable levels by time:
  Lair:3: 2034 daAuts
  Lair:2: 2024 daAuts
    D:13: 2001 daAuts
    D:14: 1917 daAuts
  Lair:6: 1759 daAuts
    D:11: 1637 daAuts
     D:8: 1557 daAuts
  Lair:5: 1452 daAuts
    D:15: 1439 daAuts
     D:2: 1381 daAuts
     D:3: 1284 daAuts
     D:6: 1263 daAuts
     D:5: 1234 daAuts
     D:1: 1200 daAuts
    D:10: 1132 daAuts
